DBL
CINCINNATI REDS @ FLORIDA MARLINS
07/05/1997
 
TOP OF THE 1ST
Cincinnati Reds batting - Pitching for Florida Marlins : RHP Kevin Appier
Pitching: RHP Kevin Appier
Batting: LHB Fernando Vina 0-0: Ball
1-0: Called Strike
1-1: Ball
2-1: Ball
3-1: Base on Balls
Batting: RHB Scott Rolen 0-0: Ball
1-0: Foul Ball, location: 2F
1-1: Ball
2-1: Swinging Strike
2-2: Strikes out swinging
Batting: SHB Bernie Williams 0-0: Foul Ball, location: 2F
0-1: Foul Ball, location: 2F
0-2: Strikes out swinging
Batting: LHB Bobby Higginson 0-0: Ball
1-0: Called Strike
1-1: Foul Ball, location: 2F
1-2: Ground out 4-3 (Groundball, 4, EV 80.6 MPH)
Top of the 1st over - 0 runs, 0 hits, 0 errors, 1 left on base; Cincinnati 0 - Florida 0
BOTTOM OF THE 1ST
Florida Marlins batting - Pitching for Cincinnati Reds : RHP Brad Radke
Pitching: RHP Brad Radke
Batting: LHB Craig Counsell 0-0: Ball
1-0: SINGLE (Flyball, 8RS, EV 96.9 MPH)
Batting: RHB Charles Johnson 0-0: Ball
1-0: Grounds into double play, 5-4-3 (Groundball, 56, EV 103.8 MPH)
Batting: RHB Richie Sexson 0-0: Called Strike
0-1: Foul Ball, location: 2F
0-2: Foul Ball, location: 2F
0-2: Foul Ball, location: 2F
0-2: Ball
1-2: Ball
2-2: Ball
3-2: Foul Ball, location: 2F
3-2: Strikes out looking
Bottom of the 1st over - 0 runs, 1 hit, 0 errors, 0 left on base; Cincinnati 0 - Florida 0
TOP OF THE 2ND
Cincinnati Reds batting - Pitching for Florida Marlins : RHP Kevin Appier
Batting: RHB Javy Lopez 0-0: Swinging Strike
0-1: Ball
1-1: Swinging Strike
1-2: Reached on error, E6 (Groundball, 6, EV 92.5 MPH)
Batting: LHB Matt Lawton 0-0: Called Strike
0-1: Called Strike
0-2: Ball
1-2: Ball
2-2: Ball
3-2: Ground out 1-3 (Groundball, 34S, EV 84.4 MPH)
Javy Lopez to third
Batting: SHB Scott Spiezio 0-0: Called Strike
0-1: Foul Ball, location: 2F
0-2: Fly out, F4 (Popup, 3D, EV 64.4 MPH)
Batting: SHB Omar Vizquel 0-0: Ball
1-0: Ball
2-0: Ball
3-0: Base on Balls
Batting: SHB Dwayne Hosey 0-0: Ball
1-0: Swinging Strike
1-1: Ground out 4-3 (Groundball, 4S, EV 79.4 MPH)
Top of the 2nd over - 0 runs, 0 hits, 1 error, 2 left on base; Cincinnati 0 - Florida 0
BOTTOM OF THE 2ND
Florida Marlins batting - Pitching for Cincinnati Reds : RHP Brad Radke
Batting: RHB Juan Encarnacion 0-0: Ball
1-0: Fly out, F8 (Line Drive, 8RS, EV 95.0 MPH)
Batting: RHB Rondell White 0-0: Swinging Strike
0-1: Fly out, F9 (Flyball, 89S, EV 87.5 MPH)
Batting: LHB Todd Walker 0-0: Ball
1-0: Called Strike
1-1: Foul Ball, location: 2F
1-2: Ball
2-2: Strikes out swinging
Bottom of the 2nd over - 0 runs, 0 hits, 0 errors, 0 left on base; Cincinnati 0 - Florida 0
TOP OF THE 3RD
Cincinnati Reds batting - Pitching for Florida Marlins : RHP Kevin Appier
Batting: LHB Fernando Vina 0-0: Swinging Strike
0-1: DOUBLE (Line Drive, 89D, EV 113.8 MPH)
Batting: RHB Scott Rolen 0-0: Ball
1-0: Called Strike
1-1: Swinging Strike
1-2: Ball
2-2: Fly out, F9 (Flyball, 9LSF, EV 82.5 MPH)
Batting: SHB Bernie Williams 0-0: Called Strike
0-1: Ball
1-1: Called Strike
1-2: Foul Ball, location: 2F
1-2: Foul Ball, location: 2F
1-2: Fly out, F8 (Flyball, 8LM, EV 85.0 MPH)
Batting: LHB Bobby Higginson 0-0: Ball
1-0: Fly out, F8 (Line Drive, 8LD, EV 95.6 MPH)
Top of the 3rd over - 0 runs, 1 hit, 0 errors, 1 left on base; Cincinnati 0 - Florida 0
BOTTOM OF THE 3RD
Florida Marlins batting - Pitching for Cincinnati Reds : RHP Brad Radke
Batting: RHB Edgardo Alfonzo 0-0: Ground out 6-3 (Groundball, 56, EV 80.0 MPH)
Batting: LHB Mark Kotsay 0-0: Called Strike
0-1: Ball
1-1: Ground out 4-3 (Groundball, 4, EV 101.3 MPH)
Batting: SHB Luis Castillo 0-0: Swinging Strike
0-1: Foul Ball, location: 2F
0-2: Ball
1-2: Ball
2-2: Foul Ball, location: 2F
2-2: Strikes out swinging, 2-3 out at first.
Bottom of the 3rd over - 0 runs, 0 hits, 0 errors, 0 left on base; Cincinnati 0 - Florida 0
TOP OF THE 4TH
Cincinnati Reds batting - Pitching for Florida Marlins : RHP Kevin Appier
Batting: RHB Javy Lopez 0-0: Fly out, F8 (Flyball, 8RS, EV 90.0 MPH)
Batting: LHB Matt Lawton 0-0: Ground out 6-3 (Groundball, 6, EV 103.1 MPH)
Batting: SHB Scott Spiezio 0-0: Ball
1-0: Ground out 4-3 (Groundball, 4, EV 91.9 MPH)
Top of the 4th over - 0 runs, 0 hits, 0 errors, 0 left on base; Cincinnati 0 - Florida 0
BOTTOM OF THE 4TH
Florida Marlins batting - Pitching for Cincinnati Reds : RHP Brad Radke
Batting: LHB Craig Counsell 0-0: Ground out 4-3 (Groundball, 4, EV 106.3 MPH)
Batting: RHB Charles Johnson 0-0: Ball
1-0: Foul Ball, location: 2F
1-1: Ball
2-1: Called Strike
2-2: Foul Ball, location: 2F
2-2: SINGLE (Groundball, 6MD, EV 106.3 MPH)
Batting: RHB Richie Sexson 0-0: Called Strike
0-1: Ball
1-1: Foul Ball, location: 2F
1-2: Strikes out swinging
Batting: RHB Juan Encarnacion 0-0: Called Strike
0-1: Ground out 4-3 (Groundball, 4, EV 86.3 MPH)
Bottom of the 4th over - 0 runs, 1 hit, 0 errors, 1 left on base; Cincinnati 0 - Florida 0
TOP OF THE 5TH
Cincinnati Reds batting - Pitching for Florida Marlins : RHP Kevin Appier
Batting: SHB Omar Vizquel 0-0: Ball
1-0: Foul Ball, location: 2F
1-1: Ball
2-1: Foul Ball, location: 2F
2-2: Ball
3-2: SINGLE (Groundball, 34D, EV 107.5 MPH)
Batting: SHB Dwayne Hosey 0-0: Bunted foul
0-1: Sac Bunt to 13 - play at first, batter OUT! 1-4
Omar Vizquel to second
Batting: LHB Fernando Vina 0-0: Fly out, F8 (Flyball, 8RM, EV 91.9 MPH)
Batting: RHB Scott Rolen 0-0: Ball
1-0: Foul Ball, location: 2F
1-1: Foul Ball, location: 2F
1-2: Ball
2-2: Ball
3-2: Strikes out swinging
Top of the 5th over - 0 runs, 1 hit, 0 errors, 1 left on base; Cincinnati 0 - Florida 0
BOTTOM OF THE 5TH
Florida Marlins batting - Pitching for Cincinnati Reds : RHP Brad Radke
Batting: RHB Rondell White 0-0: Ball
1-0: Ball
2-0: Fly out, F4 (Popup, 34, EV 65.6 MPH)
Batting: LHB Todd Walker 0-0: Ball
1-0: DOUBLE (Line Drive, 5D, EV 101.3 MPH)
Batting: RHB Edgardo Alfonzo 0-0: Ball
1-0: Ground out 1-3 (Groundball, 13, EV 87.5 MPH)
Todd Walker to third
Batting: LHB Mark Kotsay 0-0: Foul Ball, location: 2F
0-1: Fly out, F7 (Flyball, 78S, EV 90.6 MPH)
Bottom of the 5th over - 0 runs, 1 hit, 0 errors, 1 left on base; Cincinnati 0 - Florida 0
TOP OF THE 6TH
Cincinnati Reds batting - Pitching for Florida Marlins : RHP Kevin Appier
Batting: SHB Bernie Williams 0-0: Swinging Strike
0-1: Called Strike
0-2: Ball
1-2: Ball
2-2: Foul Ball, location: 2F
2-2: Foul Ball, location: 2F
2-2: Ground out 6-3 (Groundball, 6, EV 86.9 MPH)
Batting: LHB Bobby Higginson 0-0: Ball
1-0: Foul Ball, location: 2F
1-1: Foul Ball, location: 2F
1-2: Ball
2-2: Ball
3-2: Foul Ball, location: 2F
3-2: Strikes out swinging
Batting: RHB Javy Lopez 0-0: Called Strike
0-1: DOUBLE (Line Drive, 89M, EV 101.9 MPH)
Batting: LHB Matt Lawton 0-0: Foul Ball, location: 2F
0-1: Ball
1-1: Foul Ball, location: 2F
1-2: Ball
2-2: Ground out 1-3 (Groundball, 15S, EV 63.1 MPH)
Top of the 6th over - 0 runs, 1 hit, 0 errors, 1 left on base; Cincinnati 0 - Florida 0
BOTTOM OF THE 6TH
Florida Marlins batting - Pitching for Cincinnati Reds : RHP Brad Radke
Batting: SHB Luis Castillo 0-0: Swinging Strike
0-1: Ball
1-1: Reached on error, E4 (Groundball, 4M, EV 103.8 MPH)
Batting: LHB Craig Counsell 0-0: Ball
Luis Castillo is caught stealing 2nd base 2-6
1-0: Called Strike
1-1: Ball
2-1: Foul Ball, location: 2F
2-2: Ball
3-2: Ground out 6-3 (Groundball, 6, EV 81.9 MPH)
Batting: RHB Charles Johnson 0-0: Called Strike
0-1: Ball
1-1: Ground out 6-3 (Groundball, 6, EV 109.4 MPH)
Bottom of the 6th over - 0 runs, 0 hits, 1 error, 0 left on base; Cincinnati 0 - Florida 0
TOP OF THE 7TH
Cincinnati Reds batting - Pitching for Florida Marlins : RHP Kevin Appier
Batting: SHB Scott Spiezio 0-0: Called Strike
0-1: Called Strike
0-2: Ball
1-2: Ball
2-2: Foul Ball, location: 2F
2-2: Foul Ball, location: 2F
2-2: Ball
3-2: Base on Balls
Batting: SHB Omar Vizquel 0-0: Ball
1-0: Ball
2-0: Bunted foul
2-1: Bunt missed!
2-2: Foul Ball, location: 2F
2-2: Ball
3-2: Ground out U3 (Groundball, 3S, EV 85.0 MPH)
Scott Spiezio to second
Batting: SHB Dwayne Hosey 0-0: Ground out 5-3 (Groundball, 56S, EV 89.4 MPH)
Batting: LHB Fernando Vina 0-0: Ball
1-0: Foul Ball, location: 2F
1-1: Ball
2-1: Ground out 6-3 (Groundball, 6, EV 105.0 MPH)
Top of the 7th over - 0 runs, 0 hits, 0 errors, 1 left on base; Cincinnati 0 - Florida 0
BOTTOM OF THE 7TH
Florida Marlins batting - Pitching for Cincinnati Reds : RHP Brad Radke
Batting: RHB Richie Sexson 0-0: Ball
1-0: Foul Ball, location: 2F
1-1: Foul Ball, location: 2F
1-2: Strikes out swinging
Batting: RHB Juan Encarnacion 0-0: Ball
1-0: Called Strike
1-1: Called Strike
1-2: Foul Ball, location: 2F
1-2: Foul Ball, location: 2F
1-2: Strikes out swinging
Batting: RHB Rondell White 0-0: Foul Ball, location: 2F
0-1: Swinging Strike
0-2: Ball
1-2: Fly out, F7 (Flyball, 7, EV 94.4 MPH)
Bottom of the 7th over - 0 runs, 0 hits, 0 errors, 0 left on base; Cincinnati 0 - Florida 0
TOP OF THE 8TH
Cincinnati Reds batting - Pitching for Florida Marlins : RHP Kevin Appier
Batting: RHB Scott Rolen 0-0: Ball
1-0: DOUBLE (Flyball, 8LXD, EV 101.3 MPH)
Pitching: RHP Paul Shuey
Batting: SHB Bernie Williams 0-0: Fly out, F8 (Flyball, 89M, EV 78.8 MPH)
Batting: LHB Bobby Higginson 0-0: Foul Ball, location: 2F
0-1: Ball
1-1: Ball
2-1: Ball
3-1: SINGLE (Groundball, 34D, EV 103.1 MPH)
Scott Rolen to third
Batting: RHB Javy Lopez 0-0: Called Strike
0-1: Foul Ball, location: 2F
0-2: Grounds into double play, 4-6-3 (Groundball, 34, EV 92.5 MPH)
Top of the 8th over - 0 runs, 2 hits, 0 errors, 1 left on base; Cincinnati 0 - Florida 0
BOTTOM OF THE 8TH
Florida Marlins batting - Pitching for Cincinnati Reds : RHP Brad Radke
Batting: LHB Todd Walker 0-0: Called Strike
0-1: Ball
1-1: Swinging Strike
1-2: Ball
2-2: Strikes out looking
Batting: RHB Edgardo Alfonzo 0-0: Fly out, F8 (Flyball, 8RS, EV 75.0 MPH)
Batting: LHB Mark Kotsay 0-0: DOUBLE (Line Drive, 3D, EV 95.6 MPH)
Batting: SHB Luis Castillo 0-0: Foul Ball, location: 2F
0-1: Called Strike
0-2: Strikes out swinging
Bottom of the 8th over - 0 runs, 1 hit, 0 errors, 1 left on base; Cincinnati 0 - Florida 0
TOP OF THE 9TH
Cincinnati Reds batting - Pitching for Florida Marlins : RHP Paul Shuey
Batting: LHB Matt Lawton 0-0: Swinging Strike
0-1: Foul Ball, location: 2F
0-2: Ball
1-2: Foul Ball, location: 2F
1-2: Ball
2-2: Fly out, F6 (Line Drive, 6, EV 71.3 MPH)
Batting: SHB Scott Spiezio 0-0: Fly out, F9 (Flyball, 89S, EV 86.3 MPH)
Pinch Hitting: LHB Fred McGriff 0-0: Ball
1-0: Ball
2-0: Foul Ball, location: 2F
2-1: Ball
3-1: Base on Balls
Batting: SHB Dwayne Hosey 0-0: Ball
1-0: Foul Ball, location: 2F
1-1: Ball
2-1: Foul Ball, location: 2F
2-2: Ball
3-2: Strikes out swinging
Top of the 9th over - 0 runs, 0 hits, 0 errors, 1 left on base; Cincinnati 0 - Florida 0
BOTTOM OF THE 9TH
Florida Marlins batting - Pitching for Cincinnati Reds : RHP Brad Radke
Now at SS: Miguel Cairo
Batting: LHB Craig Counsell 0-0: Called Strike
0-1: Ball
1-1: Ground out 4-3 (Groundball, 4, EV 89.4 MPH)
Batting: RHB Charles Johnson 0-0: Foul Ball, location: 2F
0-1: Swinging Strike
0-2: Foul Ball, location: 2F
0-2: Foul Ball, location: 2F
0-2: Ball
1-2: Ball
2-2: Ball
3-2: Foul Ball, location: 2F
3-2: SINGLE (Line Drive, 34D, EV 100.0 MPH)
Batting: RHB Richie Sexson 0-0: Ball
1-0: Ball
2-0: Foul Ball, location: 2F
2-1: Called Strike
2-2: 2-RUN HOME RUN (Line Drive, 9LD, EV 100.0 MPH), Distance : 358 ft
Thursday, March 5th, 2026 - OOTP Baseball 20.8 Build 74